| TOP OF THE 1ST |
|
Reno Aces batting - Pitching for Sacramento River Cats : RHP Jorge Sosa
|
|
Pitching: RHP Jorge Sosa
|
|
|
Batting: RHB Joe Smack
|
0-0: Called Strike 0-1: Ball 1-1: Ball 2-1: Swinging Strike 2-2: Fly out, F7 (Line Drive, 7, EV 98.8 MPH)
|
|
Batting: RHB Andy Swaim
|
0-0: Ball 1-0: Bunt missed! 1-1: Foul Ball, location: 2F 1-2: DOUBLE (Line Drive, 9LD, EV 109.4 MPH)
|
|
Batting: RHB Katilimomi Kelekolio
|
0-0: Foul Ball, location: 2F 0-1: Ball 1-1: Ball 2-1: Foul Ball, location: 2F 2-2: SINGLE (Groundball, 4M, EV 97.5 MPH) (infield hit) Andy Swaim to third
|
|
Batting: LHB Chris Escobar
|
0-0: TRIPLE (Line Drive, 9LD, EV 104.4 MPH) Andy Swaim scores Katilimomi Kelekolio scores
|
|
Batting: RHB Jon Solano
|
0-0: Ground out 4-3 (Groundball, 4D, EV 105.6 MPH) Chris Escobar scores
|
|
Batting: SHB Warren Eisner
|
0-0: Ground out 5-3 (Groundball, 6, EV 80.6 MPH)
|
| Top of the 1st over - 3 runs, 3 hits, 0 errors, 0 left on base; Reno 3 - Sacramento 0 |
| BOTTOM OF THE 1ST |
|
Sacramento River Cats batting - Pitching for Reno Aces : RHP Aaron Saenz
|
|
Pitching: RHP Aaron Saenz
|
|
|
Batting: SHB Danny Garcia
|
0-0: Called Strike 0-1: Foul Ball, location: 2F 0-2: Ball 1-2: Strikes out swinging
|
|
Batting: RHB Hugo Zacarias
|
0-0: SINGLE (Line Drive, 34D, EV 100.0 MPH)
|
|
Batting: RHB Jason Gress
|
0-0: Called Strike 0-1: Hit by Pitch Hugo Zacarias to second
|
|
Batting: LHB Nate Conley
|
0-0: Called Strike Jason Gress steals 2nd base (no throw) Hugo Zacarias steals 3rd base 0-1: SINGLE (Groundball, 4D, EV 101.2 MPH) Hugo Zacarias scores Jason Gress to third
|
|
Batting: RHB Roberto Duron
|
0-0: Ball 1-0: Ball 2-0: Ball 3-0: Base on Balls Nate Conley to second
|
|
Batting: LHB Nick Swank
|
0-0: Ball 1-0: SINGLE (Flyball, 9S, EV 86.9 MPH) Jason Gress scores Nate Conley to third Roberto Duron to second
|
|
Batting: SHB Jason Spradling
|
0-0: Fielders Choice at 2nd, 3-6 (Groundball, 13, EV 89.4 MPH) Nate Conley scores Roberto Duron to third
|
|
Batting: LHB Fred Arends
|
0-0: Foul Ball, location: 2F 0-1: Swinging Strike 0-2: Ball 1-2: Foul Ball, location: 2F 1-2: Strikes out swinging
|
| Bottom of the 1st over - 3 runs, 3 hits, 0 errors, 2 left on base; Reno 3 - Sacramento 3 |
| TOP OF THE 2ND |
|
Reno Aces batting - Pitching for Sacramento River Cats : RHP Jorge Sosa
|
|
Batting: RHB Israel Gaona
|
0-0: Foul Ball, location: 2F 0-1: Called Strike 0-2: Ball 1-2: Foul Ball, location: 2F 1-2: Foul Ball, location: 2F 1-2: Fly out, F8 (Flyball, 8LM, EV 90.0 MPH)
|
|
Batting: SHB Luis Lira
|
0-0: Foul Ball, location: 2F 0-1: Called Strike 0-2: Ball 1-2: Fly out, F9 (Flyball, 89XD, EV 103.1 MPH)
|
|
Batting: RHB Alex Vasquez
|
0-0: Foul Ball, location: 2F 0-1: Foul Ball, location: 2F 0-2: Strikes out swinging
|
| Top of the 2nd over - 0 runs, 0 hits, 0 errors, 0 left on base; Reno 3 - Sacramento 3 |
| BOTTOM OF THE 2ND |
|
Sacramento River Cats batting - Pitching for Reno Aces : RHP Aaron Saenz
|
|
Batting: RHB Martin Guerrero
|
0-0: Called Strike 0-1: Ball 1-1: Foul Ball, location: 2F 1-2: Foul Ball, location: 2F 1-2: Ball 2-2: Foul Ball, location: 2F 2-2: Fly out, F8 (Flyball, 8LD, EV 103.1 MPH)
|
|
Batting: SHB Danny Garcia
|
0-0: SINGLE (Groundball, 56S, EV 71.2 MPH) (infield hit)
|
|
Batting: RHB Hugo Zacarias
|
0-0: Ball Danny Garcia steals 2nd base 1-0: Foul Ball, location: 2F 1-1: Foul Ball, location: 2F 1-2: Hit by Pitch
|
|
Batting: RHB Jason Gress
|
0-0: Called Strike 0-1: Ball 1-1: Ball 2-1: Grounds into double play, 5-4-3 (Groundball, 56, EV 87.5 MPH)
|
| Bottom of the 2nd over - 0 runs, 1 hit, 0 errors, 1 left on base; Reno 3 - Sacramento 3 |
| TOP OF THE 3RD |
|
Reno Aces batting - Pitching for Sacramento River Cats : RHP Jorge Sosa
|
|
Batting: RHB Joe Smack
|
0-0: Swinging Strike 0-1: Ball 1-1: Ball 2-1: SINGLE (Groundball, 25, EV 68.1 MPH) (infield hit)
|
|
Batting: RHB Andy Swaim
|
0-0: Ball 1-0: Swinging Strike Joe Smack steals 2nd base 1-1: Foul Ball, location: 2F 1-2: Strikes out looking
|
|
Batting: RHB Katilimomi Kelekolio
|
0-0: Foul Ball, location: 2F 0-1: Called Strike 0-2: Foul Ball, location: 2F 0-2: Strikes out looking
|
|
Batting: LHB Chris Escobar
|
0-0: Ball 1-0: Ground out U3 (Groundball, 34S, EV 85.0 MPH)
|
| Top of the 3rd over - 0 runs, 1 hit, 0 errors, 1 left on base; Reno 3 - Sacramento 3 |
| BOTTOM OF THE 3RD |
|
Sacramento River Cats batting - Pitching for Reno Aces : RHP Aaron Saenz
|
|
Batting: LHB Nate Conley
|
0-0: Ball 1-0: Swinging Strike 1-1: Foul Ball, location: 2F 1-2: Ball 2-2: Ball 3-2: Ground out 4-3 (Groundball, 4, EV 83.1 MPH)
|
|
Batting: RHB Roberto Duron
|
0-0: Ball 1-0: Ball 2-0: Called Strike 2-1: Fly out, F4 (Flyball, 4D, EV 70.6 MPH)
|
|
Batting: LHB Nick Swank
|
0-0: Called Strike 0-1: Foul Ball, location: 2F 0-2: Ball 1-2: Ball 2-2: Foul Ball, location: 2F 2-2: Ball 3-2: Base on Balls
|
|
Batting: SHB Jason Spradling
|
0-0: Foul Ball, location: 2F 0-1: Ball 1-1: Ball 2-1: Fly out, F5 (Popup, 5L, EV 71.9 MPH)
|
| Bottom of the 3rd over - 0 runs, 0 hits, 0 errors, 1 left on base; Reno 3 - Sacramento 3 |
| TOP OF THE 4TH |
|
Reno Aces batting - Pitching for Sacramento River Cats : RHP Jorge Sosa
|
|
Batting: RHB Jon Solano
|
0-0: Ground out 4-3 (Groundball, 4M, EV 85.0 MPH)
|
|
Batting: SHB Warren Eisner
|
0-0: Swinging Strike 0-1: Called Strike 0-2: Strikes out looking
|
|
Batting: RHB Israel Gaona
|
0-0: Ball 1-0: Swinging Strike 1-1: Ball 2-1: Ball 3-1: Called Strike 3-2: Base on Balls
|
|
Batting: SHB Luis Lira
|
0-0: Ball 1-0: SINGLE (Line Drive, 4M, EV 106.9 MPH) Israel Gaona to second
|
|
Batting: RHB Alex Vasquez
|
0-0: Called Strike 0-1: Foul Ball, location: 2F 0-2: Reached on error, E1 (Groundball, 34S, EV 70.0 MPH) Israel Gaona to third Luis Lira to second
|
|
Batting: RHB Joe Smack
|
0-0: Called Strike 0-1: Ball 1-1: Swinging Strike 1-2: Ball 2-2: Foul Ball, location: 2F 2-2: Fly out, F9 (Flyball, 9, EV 83.1 MPH)
|
| Top of the 4th over - 0 runs, 1 hit, 1 error, 3 left on base; Reno 3 - Sacramento 3 |
| BOTTOM OF THE 4TH |
|
Sacramento River Cats batting - Pitching for Reno Aces : RHP Aaron Saenz
|
|
Batting: LHB Fred Arends
|
0-0: Foul Ball, location: 2F 0-1: Swinging Strike 0-2: Foul Ball, location: 2F 0-2: Ball 1-2: Ball 2-2: Strikes out swinging
|
|
Batting: RHB Martin Guerrero
|
0-0: Called Strike 0-1: Ball 1-1: DOUBLE (Flyball, 9LM, EV 106.9 MPH)
|
|
Batting: SHB Danny Garcia
|
0-0: Called Strike 0-1: Ball 1-1: Called Strike 1-2: Foul Ball, location: 2F 1-2: DOUBLE (Line Drive, 78M, EV 92.5 MPH) Martin Guerrero scores
|
|
Batting: RHB Hugo Zacarias
|
0-0: Ball 1-0: SINGLE (Groundball, 6MS, EV 84.4 MPH) (infield hit) Danny Garcia to third
|
|
Batting: RHB Jason Gress
|
0-0: Ball 1-0: Ball 2-0: SINGLE (Line Drive, 6MD, EV 95.0 MPH) Danny Garcia scores Hugo Zacarias to second
|
|
Pitching: RHP Roberto Preciado
|
|
|
Batting: LHB Nate Conley
|
0-0: Called Strike 0-1: Foul Ball, location: 2F 0-2: Foul Ball, location: 2F 0-2: Strikes out swinging
|
|
Batting: RHB Roberto Duron
|
0-0: DOUBLE (Line Drive, 89XD, EV 101.2 MPH) Hugo Zacarias scores Jason Gress to third Runner from 3rd tries for Home, SAFE, throw by CF to home
|
|
Batting: LHB Nick Swank
|
0-0: Ball 1-0: Foul Ball, location: 2F 1-1: Ball 2-1: Foul Ball, location: 2F 2-2: Ball 3-2: Foul Ball, location: 2F 3-2: Base on Balls
|
|
Batting: SHB Jason Spradling
|
0-0: Ball 1-0: Called Strike 1-1: Ball 2-1: Foul Ball, location: 2F 2-2: Strikes out looking
|
| Bottom of the 4th over - 4 runs, 5 hits, 0 errors, 2 left on base; Reno 3 - Sacramento 7 |
| TOP OF THE 5TH |
|
Reno Aces batting - Pitching for Sacramento River Cats : RHP Jorge Sosa
|
|
Batting: RHB Andy Swaim
|
0-0: Ball 1-0: Ball 2-0: Ball 3-0: Called Strike 3-1: Swinging Strike 3-2: SINGLE (Groundball, 4MD, EV 98.8 MPH)
|
|
Batting: RHB Katilimomi Kelekolio
|
0-0: Ball 1-0: Ball 2-0: Ball 3-0: Base on Balls Andy Swaim to second
|
|
Batting: LHB Chris Escobar
|
0-0: Foul Ball, location: 2F 0-1: Foul Ball, location: 2F 0-2: Ball 1-2: Foul Ball, location: 2F 1-2: Ball 2-2: Ball 3-2: Strikes out swinging
|
|
Batting: RHB Jon Solano
|
0-0: Swinging Strike 0-1: SINGLE (Groundball, 6MS, EV 80.0 MPH) (infield hit) Andy Swaim to third Katilimomi Kelekolio to second
|
|
Batting: SHB Warren Eisner
|
0-0: Swinging Strike 0-1: Ball 1-1: Ball 2-1: SINGLE (Groundball, 3D, EV 103.8 MPH) Andy Swaim scores Katilimomi Kelekolio to third Jon Solano to second Runner from 3rd tries for Home, SAFE, throw by RF to home
|
|
Pitching: RHP Taiji Morita
|
|
|
Batting: RHB Israel Gaona
|
0-0: Ground out 6-3 (Groundball, P, EV 81.9 MPH) Jon Solano to third Warren Eisner to second
|
|
Batting: SHB Luis Lira
|
0-0: Called Strike 0-1: Ball 1-1: Foul Ball, location: 2F 1-2: Ball 2-2: Ground out 5-3 (Groundball, 56S, EV 88.1 MPH)
|
| Top of the 5th over - 2 runs, 3 hits, 0 errors, 2 left on base; Reno 5 - Sacramento 7 |
| BOTTOM OF THE 5TH |
|
Sacramento River Cats batting - Pitching for Reno Aces : RHP Roberto Preciado
|
|
Batting: LHB Fred Arends
|
0-0: Ball 1-0: Ball 2-0: Ball 3-0: Base on Balls
|
|
Batting: RHB Martin Guerrero
|
0-0: Called Strike 0-1: Foul Ball, location: 2F 0-2: Ball 1-2: Ball 2-2: Ball 3-2: SINGLE (Flyball, 4MD, EV 99.4 MPH) Fred Arends to second
|
|
Batting: SHB Danny Garcia
|
0-0: Ball 1-0: Fielders Choice at 2nd, 3-6 (Groundball, 34, EV 85.6 MPH) Fred Arends to third
|
|
Batting: RHB Hugo Zacarias
|
0-0: Ball 1-0: Called Strike Danny Garcia steals 2nd base 1-1: Called Strike 1-2: Strikes out looking
|
|
Batting: RHB Jason Gress
|
0-0: Ball 1-0: Ball 2-0: Ball 3-0: Base on Balls
|
|
Batting: LHB Nate Conley
|
0-0: Called Strike 0-1: Swinging Strike 0-2: Ball 1-2: Ball 2-2: Ball 3-2: Foul Ball, location: 2F 3-2: Base on Balls Fred Arends scores Danny Garcia to third Jason Gress to second
|
|
Batting: RHB Roberto Duron
|
0-0: Called Strike 0-1: SINGLE (Flyball, 89S, EV 91.2 MPH) Danny Garcia scores Jason Gress to third Nate Conley to second Runner from 3rd tries for Home, SAFE, throw by RF to home
|
|
Pitching: RHP Josh Pugh
|
|
|
Batting: LHB Nick Swank
|
0-0: Ball 1-0: Called Strike 1-1: Ball 2-1: Foul Ball, location: 2F 2-2: Ball 3-2: DOUBLE (Flyball, 8RXD, EV 98.8 MPH) Nate Conley scores Roberto Duron to third Roberto Duron scores
|
|
Batting: SHB Jason Spradling
|
0-0: Foul Ball, location: 2F 0-1: Ball 1-1: 2-RUN HOME RUN (Flyball, 8LXD, EV 115.0 MPH), Distance : 464 ft
|
|
Batting: LHB Fred Arends
|
0-0: Ground out U3 (Groundball, 23, EV 87.5 MPH)
|
| Bottom of the 5th over - 7 runs, 4 hits, 0 errors, 0 left on base; Reno 5 - Sacramento 14 |
| TOP OF THE 6TH |
|
Reno Aces batting - Pitching for Sacramento River Cats : RHP Taiji Morita
|
|
Batting: RHB Alex Vasquez
|
0-0: Called Strike 0-1: Swinging Strike 0-2: SINGLE (Groundball, 34D, EV 106.9 MPH)
|
|
Batting: RHB Joe Smack
|
0-0: Foul Ball, location: 2F 0-1: Fly out, F5 (Line Drive, 5, EV 68.1 MPH)
|
|
Batting: RHB Andy Swaim
|
0-0: Ball 1-0: Called Strike 1-1: Ball 2-1: Ball Wild Pitch! Alex Vasquez to second 3-1: SINGLE (Line Drive, 4MD, EV 96.9 MPH) Alex Vasquez to third
|
|
Batting: RHB Katilimomi Kelekolio
|
0-0: Called Strike Andy Swaim steals 2nd base 0-1: Ball 1-1: Ground out 4-3 (Groundball, 4M, EV 91.9 MPH) Alex Vasquez scores Andy Swaim to third
|
|
Batting: LHB Chris Escobar
|
0-0: Called Strike 0-1: Fly out, F8 (Flyball, 8RM, EV 91.9 MPH)
|
| Top of the 6th over - 1 run, 2 hits, 0 errors, 1 left on base; Reno 6 - Sacramento 14 |
| BOTTOM OF THE 6TH |
|
Sacramento River Cats batting - Pitching for Reno Aces : RHP Josh Pugh
|
|
Batting: RHB Martin Guerrero
|
0-0: Reached on error, E6 (Groundball, 6M, EV 96.9 MPH)
|
|
Batting: SHB Danny Garcia
|
0-0: Ball 1-0: Ball 2-0: Foul Ball, location: 2F 2-1: Ball 3-1: Fly out, F8 (Line Drive, 8RD, EV 105.6 MPH)
|
|
Batting: RHB Hugo Zacarias
|
0-0: Called Strike 0-1: Ball 1-1: Swinging Strike 1-2: Ball 2-2: Ball 3-2: Strikes out swinging
|
|
Batting: RHB Jason Gress
|
0-0: Swinging Strike 0-1: Fly out, F9 (Flyball, 9D, EV 95.6 MPH)
|
| Bottom of the 6th over - 0 runs, 0 hits, 1 error, 1 left on base; Reno 6 - Sacramento 14 |
| TOP OF THE 7TH |
|
Reno Aces batting - Pitching for Sacramento River Cats : RHP Taiji Morita
|
|
Batting: RHB Jon Solano
|
0-0: Foul Ball, location: 2F 0-1: Fly out, F9 (Flyball, 89S, EV 73.8 MPH)
|
|
Batting: SHB Warren Eisner
|
0-0: Ground out 4-3 (Groundball, 4, EV 82.5 MPH)
|
|
Batting: RHB Israel Gaona
|
0-0: Ball 1-0: Called Strike 1-1: Ball 2-1: Ball 3-1: Foul Ball, location: 2F 3-2: Foul Ball, location: 2F 3-2: Ground out 6-3 (Groundball, 6, EV 86.2 MPH)
|
| Top of the 7th over - 0 runs, 0 hits, 0 errors, 0 left on base; Reno 6 - Sacramento 14 |
| BOTTOM OF THE 7TH |
|
Sacramento River Cats batting - Pitching for Reno Aces : RHP Josh Pugh
|
|
Batting: LHB Nate Conley
|
0-0: Ball 1-0: Ball 2-0: Foul Ball, location: 2F 2-1: Swinging Strike 2-2: Foul Ball, location: 2F 2-2: Ball 3-2: Base on Balls
|
|
Batting: RHB Roberto Duron
|
0-0: Ball 1-0: Fly out, F7 (Flyball, 7D, EV 90.6 MPH)
|
|
Batting: LHB Nick Swank
|
0-0: Called Strike 0-1: Foul Ball, location: 2F 0-2: Strikes out swinging
|
|
Batting: SHB Jason Spradling
|
0-0: Ball 1-0: Ground out 1-3 (Groundball, 15S, EV 71.2 MPH)
|
| Bottom of the 7th over - 0 runs, 0 hits, 0 errors, 1 left on base; Reno 6 - Sacramento 14 |
| TOP OF THE 8TH |
|
Reno Aces batting - Pitching for Sacramento River Cats : RHP Taiji Morita
|
|
Batting: SHB Luis Lira
|
0-0: Called Strike 0-1: Ball 1-1: Reached via error on a dropped throw from 1B, E1 (Groundball, 34, EV 85.0 MPH)
|
|
Pinch Hitting: RHB Juan Espinoza
|
0-0: Foul Ball, location: 2F 0-1: Foul Ball, location: 2F 0-2: Ball 1-2: Ground out 6-3 (Groundball, 6MD, EV 108.1 MPH) Luis Lira to second
|
|
Pinch Hitting: LHB Josh Kirk
|
0-0: Ball 1-0: Fly out, F5 (Flyball, 5D, EV 89.4 MPH)
|
|
Pinch Hitting: RHB Paul Van Gilder
|
0-0: Called Strike 0-1: Ball 1-1: Ball 2-1: Foul Ball, location: 2F 2-2: Strikes out swinging
|
| Top of the 8th over - 0 runs, 0 hits, 1 error, 1 left on base; Reno 6 - Sacramento 14 |
| BOTTOM OF THE 8TH |
|
Sacramento River Cats batting - Pitching for Reno Aces : RHP Josh Pugh
|
|
Now at 1B: Scott Travis
|
|
|
Now at 2B: Paul Van Gilder
|
|
|
Now in CF: Juan Espinoza
|
|
|
Batting: LHB Fred Arends
|
0-0: Ball 1-0: Ball 2-0: Ball 3-0: Fly out, F9 (Flyball, 9D, EV 95.0 MPH)
|
|
Batting: RHB Martin Guerrero
|
0-0: Called Strike 0-1: Fly out, F8 (Flyball, 78XD, EV 102.5 MPH)
|
|
Batting: SHB Danny Garcia
|
0-0: Ball 1-0: Ball 2-0: Fly out, F7 (Flyball, 7, EV 88.1 MPH)
|
| Bottom of the 8th over - 0 runs, 0 hits, 0 errors, 0 left on base; Reno 6 - Sacramento 14 |
| TOP OF THE 9TH |
|
Reno Aces batting - Pitching for Sacramento River Cats : RHP Taiji Morita
|
|
Pinch Hitting: RHB Tai Joo
|
0-0: Swinging Strike 0-1: Ball 1-1: Called Strike 1-2: SINGLE (Groundball, 4MD, EV 105.6 MPH)
|
|
Pitching: LHP Chris Moris
|
|
|
Pinch Hitting: LHB Ruben Rocha
|
0-0: Ball 1-0: Foul Ball, location: 2F 1-1: Ball Wild Pitch! Tai Joo to second 2-1: Foul Ball, location: 2F 2-2: Strikes out swinging
|
|
Batting: RHB Jon Solano
|
0-0: Fly out, F6 (Popup, 15S, EV 93.8 MPH)
|
|
Batting: SHB Warren Eisner
|
0-0: Foul Ball, location: 2F 0-1: Foul Ball, location: 2F 0-2: Strikes out swinging
|
| Top of the 9th over - 0 runs, 1 hit, 0 errors, 1 left on base; Reno 6 - Sacramento 14 |
|